 Dungeon Crawl Stone Soup version 0.30-a0-4-ga7cffc901d (webtiles) character file.

Game seed: 4976362723844750899

21647 Sun the Destroyer (level 12, -2/81 HPs)
             Began as a Demigod Conjurer on Aug 20, 2022.
             Slain by an eight-headed hydra (7 damage)
             ... on level 3 of the Lair of Beasts.
             The game lasted 00:34:57 (21359 turns).

Sun the Destroyer (Demigod Conjurer)               Turns: 21359, Time: 00:34:57

Health: -2/81      AC: 10    Str:  8    XL:     12   Next: 25%
Magic:  9/25       EV: 12    Int: 36    God:
Gold:   692        SH:  9    Dex: 18    Spells: 4/23 levels left

rFire   . . .      SeeInvis .    G - +2 spear (venom)
rCold   . . .      Faith    .    X - +0 buckler
rNeg    + . .      Spirit   .    M - +0 steam dragon scales
rPois   .          Reflect  +    q - +2 helmet
rElec   .          Harm     .    j - +0 cloak
rCorr   .          Rampage  .    (no gloves)
Will    +....                    v - +0 pair of boots
Stlth   ++........               f - amulet of reflection
HPRegen 0.23/turn                C - ring of positive energy
MPRegen 0.19/turn                A - +6 ring of dexterity

@: no status effects
A: high MP 1, forlorn, divine attributes
a: no special abilities


You were on level 3 of the Lair of Beasts.
You visited 2 branches of the dungeon, and saw 13 of its levels.
You also visited: Sewer and Bailey.

You collected 1264 gold pieces.
You spent 572 gold pieces at shops.

Inventory:

Hand Weapons
 G - a +2 spear of venom (weapon)
Missiles
 g - 34 poisoned darts
 n - 2 curare-tipped darts (quivered)
 p - a throwing net
Armour
 a - a +2 leather armour of cold resistance
 j - a +0 cloak (worn)
 q - a +2 helmet (worn)
 r - a +2 kite shield
 v - a +0 pair of boots (worn)
 J - the +4 ring mail "Xedey" {Int+3}
   (You found it on level 7 of the Dungeon)

   Int:       It affects your intelligence (+3).
 M - +0 steam dragon scales (worn)
 Q - a +1 robe of positive energy
 R - a +3 ring mail of fire resistance
 X - a +0 buckler (worn)
Jewellery
 f - an amulet of reflection (around neck)
 l - a ring of ice
 A - a +6 ring of dexterity (right hand)
 C - a ring of positive energy (left hand)
 P - a ring of flight
 S - a ring of protection from cold
Wands
 e - a wand of flame (34)
 D - a wand of charming (5)
 L - a wand of digging (5)
 N - a wand of mindburst (7)
 U - a wand of roots (6)
Scrolls
 d - a scroll of amnesia
 h - 6 scrolls of enchant weapon
 i - 8 scrolls of teleportation
 k - 8 scrolls of magic mapping
 w - 3 scrolls of enchant armour
 x - a scroll of fear
 E - 2 scrolls of blinking {unknown}
 F - 2 scrolls of poison {unknown}
 H - 3 scrolls of fog
 O - a scroll of silence {unknown}
 T - 2 scrolls of immolation {unknown}
 W - a scroll of brand weapon {unknown}
Potions
 b - 3 potions of magic
 c - a potion of heal wounds
 m - 7 potions of curing
 o - 5 potions of flight
 s - 5 potions of berserk rage
 t - 3 potions of mutation
 u - 9 potions of haste
 z - a potion of resistance {unknown}
 B - 3 potions of attraction {unknown}
 I - a potion of lignification {unknown}
 K - 2 potions of might {unknown}
 V - 3 potions of cancellation {unknown}


   Skills:
 - Level 1.7 Dodging
 - Level 1.7 Stealth
 - Level 6.0 Spellcasting
 + Level 11.9 Conjurations
 - Level 4.0 Translocations
 - Level 10.0 Transmutations
 - Level 10.0 Earth Magic


You had 4 spell levels left.
You knew the following spells:

 Your Spells              Type           Power      Damage    Failure   Level
a - Iron Shot             Conj/Erth      37%        9d7       9%          6
b - Searing Ray           Conj           100%       2d8       1%          2
c - Iskenderun's Mystic   Conj/Tloc      62%        2d13      1%          4
d - Ozocubu's Refrigerat  Ice            5%         4d8       100%        7

Your spell library contained the following spells:

 Spells                   Type           Power      Damage    Failure   Level
 Magic Dart               Conj           100%       1d8       1%          1
 Sting                    Tmut/Pois      100%       1d8       1%          1
 Passwall                 Tmut/Erth      58%        N/A       1%          2
 Dazzling Flash           Conj/Hex       100%       N/A       1%          3
 Gell's Gravitas          Tloc           39%        N/A       2%          3
 Teleport Other           Tloc           39%        N/A       2%          3
 Fulminant Prism          Conj/Hex       26%        3d14      4%          4
 Animate Armour           Summ/Erth      92%        N/A       6%          4
 Leda's Liquefaction      Hex/Erth       23%        N/A       6%          4
 Ensorcelled Hibernation  Hex/Ice        20%        N/A       7%          2
 Poisonous Vapours        Pois/Air       20%        N/A       7%          2
 Swiftness                Air            10%        N/A       14%         3
 Olgreb's Toxic Radiance  Pois           10%        N/A       43%         4
 Blade Hands              Tmut           35%        N/A       2%          5
 Lee's Rapid Deconstruct  Erth           35%        3d19*     2%          5
 Statue Form              Tmut/Erth      46%        N/A       12%         6
 Agony                    Necr           10%        N/A       78%         5
 Silence                  Hex/Air        5%         N/A       78%         5
 Dispersal                Tloc           19%        N/A       80%         6
 Ignition                 Fire           5%         3d4       100%        8


Dungeon Overview and Level Annotations

Branches:
Dungeon (10/15)            Temple (0/1) D:4            Lair (3/5) D:10
 Spider (0/4) Lair:3          Orc (0/2) D:10          Sewer (visited)
 Bailey (visited)
  Swamp: Lair:2-3    Shoals: Lair:2-3

Shops:
D:10 !:*=(


Innate Abilities, Weirdness & Mutations

You have an increased reservoir of magic. (+10% MP)
You shall have no god before yourself.
Your divine heritage dramatically boosts your attributes as you level up.


Message History

The eight-headed hydra is knocked back by the mystic blast.
The mystic blast hits the swamp worm!!
You kill the swamp worm!
The mystic blast hits the swamp worm!
You kill the swamp worm!
The swamp worm fires a harpoon shot at you.
The harpoon shot hits you!
* * * LOW HITPOINT WARNING * * *
You are yanked forward by the harpoon shot.
Casting: Iskenderun's Mystic Blast (dangerous; 1% risk of failure)
Confirm with . or Enter, or press ? or * to list all spells.
You erupt in a blast of force!
The mystic blast hits the swamp worm.
The swamp worm is lightly wounded.
The swamp worm is knocked back by the mystic blast.
The swamp worm slams into the tree!
The swamp worm is lightly wounded.
The mystic blast hits the eight-headed hydra!
The eight-headed hydra is moderately wounded.
You hear a roar!
The eight-headed hydra closely misses you. x2
You block the eight-headed hydra's attack.
The eight-headed hydra bites you but does no damage.
The eight-headed hydra closely misses you.
The eight-headed hydra bites you but does no damage.
The eight-headed hydra barely misses you.
You block the eight-headed hydra's attack.
The swamp worm fires a harpoon shot at you.
The harpoon shot misses you.
As you read the scroll of fear, it crumbles to dust.
You assume a fearsome visage.
The cane toad looks frightened!
The swamp worm looks frightened!
The eight-headed hydra easily resists.
The eight-headed hydra bites you.
* * * LOW HITPOINT WARNING * * *
The eight-headed hydra completely misses you.
The eight-headed hydra misses you.
You block the eight-headed hydra's attack. x2
The eight-headed hydra closely misses you.
You block the eight-headed hydra's attack.
The eight-headed hydra bites you!
You die...

♣♣..♣♣♣♣♣♣♣..
##........
♣...~~~~≈≈♣.#
#.........
♣♣~~~~≈≈w≈♣
##........
♣♣~~†≈≈~≈♣
##P#...?.
♣..F~~w≈♣♣
####....
♣♣...♣♣♣♣
#P..P.
♣♣†.§§§♣
#####.
♣♣♣♣§§♣ ##
♣@D♣ ♣♣§§♣
.... .w♣
..... ~~♣
.....# ~♣♣
...... .♣
...... ♣♣
....#. ......
......


You could see an eight-headed hydra, a cane toad (fleeing) and a swamp worm
(fleeing).

Vanquished Creatures
  Gastronok (D:10)
  Snorg (D:10)
  A two-headed ogre (D:9)
  Lodul (D:10)
  An orc knight (Bailey)
  A deep elf pyromancer (Bailey)
  4 cane toads
  An unseen horror zombie (D:9)
  2 rime drakes (Lair:2)
  A troll (D:9)
  A meliai (Lair:3)
  2 polar bears
  3 blink frogs (Lair:2)
  A hornet (D:9)
  5 dream sheep (Lair:3)
  3 wyverns
  A shadow (D:10)
  23 yaks
  A wraith (D:9)
  A steam dragon (D:8)
  3 swamp worms (Lair:3)
  7 water moccasins
  A black bear (D:4)
  8 orc warriors
  2 ice beasts (D:7)
  2 sky beasts (D:7)
  3 wolves (Lair:1)
  6 ogres (D:10)
  5 centaurs
  A phantom (D:6)
  13 bullfrogs
  2 necrophages
  2 kobold brigands
  5 gnoll sergeants
  A wyvern zombie (D:8)
  4 scorpions
  3 killer bees (Lair:3)
  A howler monkey (D:5)
  2 centaur zombies
  3 hounds
  3 orc priests
  3 gnoll boudas
  2 jellies (D:5)
  6 iguanas
  3 orc wizards
  A killer bee zombie (D:9)
  A howler monkey zombie (D:9)
  6 adders
  39 gnolls
  2 river rats (Sewer)
  A shadow imp (D:5)
  A white imp (D:5)
  A howler monkey simulacrum (D:9)
  4 worms
  3 dart slugs
  33 orcs
  10 bats
  11 endoplasms
  8 giant cockroaches
  8 goblins
  10 hobgoblins
  8 jackals
  7 quokkas
  16 ball pythons
  4 frilled lizards
  16 kobolds
  31 rats
367 creatures vanquished.

Vanquished Creatures (collateral kills)
  Rupert (Lair:3)
  A hydra (Lair:2)
  2 cane toads (Lair:2)
  2 blink frogs
6 creatures vanquished.

Vanquished Creatures (others)
  62 fungi
  59 plants
121 creatures vanquished.

Grand Total: 494 creatures vanquished

Notes
Turn   | Place    | Note
-------+----------+-------------------------------------------
     0 | D:1      | Sun the Demigod Conjurer began the quest for the Orb.
     0 | D:1      | Reached XP level 1. HP: 14/14 MP: 5/5
   218 | D:1      | Reached skill level 4 in Conjurations
   407 | D:1      | Reached XP level 2. HP: 20/20 MP: 4/7
   766 | D:1      | Learned a level 2 spell: Searing Ray
  1348 | D:2      | Reached XP level 3. HP: 26/26 MP: 5/8
  1835 | D:2      | Reached skill level 5 in Conjurations
  2088 | D:2      | Reached XP level 4. HP: 33/33 MP: 1/9
  2944 | D:3      | Reached skill level 6 in Conjurations
  2944 | D:3      | Reached XP level 5. HP: 28/38 MP: 1/10
  3813 | D:4      | Noticed a black bear
  3826 | D:4      | Killed a black bear
  4188 | D:4      | Reached skill level 7 in Conjurations
  4188 | D:4      | Reached XP level 6. HP: 34/45 MP: 2/11
  4627 | D:4      | Learned a level 4 spell: Iskenderun's Mystic Blast
  4951 | D:4      | Found a staircase to the Ecumenical Temple.
  5163 | D:5      | Entered Level 5 of the Dungeon
  5614 | D:5      | Reached skill level 8 in Conjurations
  5620 | D:5      | Found a glowing drain.
  5653 | Sewer    | Entered a sewer
  5804 | Sewer    | Reached XP level 7. HP: 50/50 MP: 5/13
  6140 | Sewer    | Reached skill level 1 in Translocations
  7892 | D:6      | Reached XP level 8. HP: 26/57 MP: 3/17
  8944 | D:7      | Reached skill level 5 in Spellcasting
  9041 | D:7      | Identified the +4 ring mail "Xedey" {Int+3}
  9521 | D:7      | Identified the +1 chain mail "Gacyor" {rF++ Str-4}
 10020 | D:7      | Reached skill level 9 in Conjurations
 10361 | D:8      | Reached XP level 9. HP: 56/62 MP: 21/21
 11047 | D:8      | Reached skill level 10 in Conjurations
 11136 | D:8      | Reached skill level 1 in Earth Magic
 11838 | D:9      | Reached skill level 5 in Earth Magic
 11972 | D:9      | Found a flagged portal.
 11991 | Bailey   | Entered a bailey
 12457 | Bailey   | Reached XP level 10. HP: 69/69 MP: 15/22
 12473 | Bailey   | Noticed an orc knight
 12500 | Bailey   | Killed an orc knight
 13017 | Bailey   | Found a large runed translucent door.
 13017 | Bailey   | Found a large runed translucent door.
 13018 | Bailey   | Noticed a deep elf pyromancer
 13088 | Bailey   | Killed a deep elf pyromancer
 13251 | D:9      | Identified the +1 robe of Tomorrow {rElec}
 14120 | D:9      | Paralysed by a hornet for 2 turns
 14540 | D:10     | Entered Level 10 of the Dungeon
 14559 | D:10     | Found Otwut's Book Boutique.
 14594 | D:10     | Bought the Unrestrained Analects for 572 gold pieces
 14624 | D:10     | Reached skill level 10 in Earth Magic
 14708 | D:10     | Found Ylunenwa's Distillery.
 14730 | D:10     | Found Plog's General Store.
 14745 | D:10     | Reached skill level 1 in Transmutations
 14853 | D:10     | Found Olibim's Jewellery Shop.
 15185 | D:10     | Found a staircase to the Orcish Mines.
 15241 | D:10     | Noticed Gastronok
 15268 | D:10     | Killed Gastronok
 15516 | D:10     | Reached XP level 11. HP: 54/74 MP: 17/24
 15819 | D:10     | Reached skill level 5 in Transmutations
 16797 | D:10     | Found Dagru's Antique Weapon Boutique.
 16806 | D:10     | Noticed Snorg
 16843 | D:9      | Learned a level 6 spell: Iron Shot
 16851 | D:9      | Learned a level 7 spell: Ozocubu's Refrigeration
 16885 | D:10     | Noticed a two-headed ogre
 16889 | D:10     | Noticed Lodul
 16913 | D:9      | Killed a two-headed ogre
 17227 | D:10     | Found a staircase to the Lair.
 17364 | D:10     | Killed Snorg
 17551 | D:10     | Killed Lodul
 17844 | Lair:1   | Entered Level 1 of the Lair of Beasts
 20113 | Lair:2   | Reached skill level 10 in Transmutations
 20116 | Lair:2   | Noticed a five-headed hydra
 20128 | Lair:2   | Killed a five-headed hydra
 20472 | Lair:2   | Identified the +9 great sword "Zyigud" {vorpal, *Corrode
                  | rElec rC- Will+++}
 20709 | Lair:3   | Noticed Rupert
 20721 | Lair:3   | Killed Rupert
 20722 | Lair:3   | Reached skill level 11 in Conjurations
 20722 | Lair:3   | Reached XP level 12. HP: 50/81 MP: 1/25
 21124 | Lair:3   | Identified the +5 quarterstaff "Deanoid" {holy, rC++}
 21223 | Lair:3   | Found a hole to the Spider Nest.
 21354 | Lair:3   | Noticed an eight-headed hydra
 21359 | Lair:3   | Slain by an eight-headed hydra

Illustrated notes

Levels and vault maps discovered:
D:1:      elethiomel_arrival_diamonds, layout_loops_ring
D:2:      layout_loops_ring
D:3:      layout_basic, grunt_qazlal_sundering,
          shapermc_ecumenical_altar_totnotflames
D:4:      layout_basic, nicolae_hepliaklqana_hazy_memory, kennysheep_mini_moat,
          nicolae_dithmenos_the_darkroom, temple_hall
D:5:      layout_basic, portal_sewer_entry_f
D:6:      layout_gridville, mainiacjoe_overflow_big_doors
D:7:      layout_loops_ring
D:8:      layout_loops_ring, lemuel_zombie_altar_yredelemnul, serial_aquarium,
          aquarium_bridge_island_small [aquarium_subvault_small_open,
          aquarium_subvault_window, aquarium_subvault_bridge,
          aquarium_subvault_wall, aquarium_subvault_bridge],
          aquarium_bridge_square [aquarium_subvault_window,
          aquarium_subvault_bridge, aquarium_subvault_wall,
          aquarium_subvault_window], aquarium_window_fake,
          aquarium_window_corner, aquarium_window_fake, aquarium_window_fake,
          aquarium_view_2a, aquarium_balcony_3b, aquarium_pool_split
D:9:      layout_roguey, okawaru_altar_gauntlet_db,
          nicolae_overflow_hidden_temple, enter_bailey_4,
          hangedman_weighted_door
D:10:     layout_roguey, due_lair_maze_entry_diamond, serial_shops, shop, shop,
          nicolae_shop_advertising_works [nicolae_subvault_shop_adworks],
          kennysheep_little_box, nicolae_shop_waterfront,
          nicolae_figureground_pulse, uniq_gastronok, uniq_snorg, uniq_lodul
Lair:1:   layout_layer_cave, roderic_batcave, beast_lair_carwin_2
Lair:2:   layout_chaotic_city
Lair:3:   layout_cave_pods, palyth_hydra_swamp_entry,
          hellmonk_spider_entry_not_the_bees, grunt_megastairs_3, uniq_rupert

Skill      XL: |  1  2  3  4  5  6  7  8  9 10 11 |
---------------+----------------------------------+-----
Conjurations   | 4 5 6 7 8 9 10 11 | 11.9
Spellcasting   | 2 4 6 |  6.0
Translocations | 3 4 |  4.0
Earth Magic    | 6 10 | 10.0
Transmutations | 4 10 | 10.0
Dodging        | |  1.7
Stealth        | |  1.7

Action                   |  1- 3 |  4- 6 |  7- 9 | 10-12 || total
-------------------------+-------+-------+-------+-------++-------
Melee: Unarmed           |    35 |    15 |     2 |       ||    52
       Spear             |       |       |    34 |    79 ||   113
Throw: Dart              |       |     6 |       |    24 ||    30
 Cast: Magic Dart        |    83 |    38 |    77 |    12 ||   210
       Searing Ray       |     4 |    31 |    74 |    83 ||   192
       Iskenderun's Myst |       |       |       |    26 ||    26
       Iron Shot         |       |       |       |    15 ||    15
Evoke: Wand              |       |       |     4 |     8 ||    12
  Use: Scroll            |       |     4 |     7 |     9 ||    20
       Potion            |       |       |     3 |     2 ||     5
 Stab: Sleeping          |       |       |     1 |       ||     1
       Distracted        |       |       |       |     1 ||     1
Armor: Robe              |    13 |    28 |    26 |       ||    67
       Steam dragon scal |       |       |    14 |    59 ||    73
Dodge: Dodged            |    25 |    67 |   106 |   172 ||   370
Block: Other             |    15 |    23 |    42 |    38 ||   118
       Reflection        |     1 |       |       |     4 ||     5
       Buckler           |       |       |       |    73 ||    73

Table legend: (Time is in decaauts)
 A = Elapsed time spent in this place.
 B = Non-inter-level travel time spent in this place.
 C = Inter-level travel time spent in this place.
 D = Time resting spent in this place.
 E = Time spent auto-exploring this place.
 F = Levels seen in this place.
 G = Mean time per level.
                   A        B        C        D        E       F      G
               +--------+--------+--------+--------+--------+-----+--------+
         Total |  21506 |  20990 |    516 |   1112 |  16844 |  15 | 1433.7 |
       Dungeon |  15772 |  15284 |    488 |   1001 |  12020 |  10 | 1577.2 |
          Lair |   3515 |   3487 |     28 |    111 |   3026 |   3 | 1171.7 |
         Sewer |   1016 |   1016 |      0 |      0 |    865 |   1 | 1016.0 |
        Bailey |   1202 |   1202 |      0 |      0 |    933 |   1 | 1202.0 |
               +--------+--------+--------+--------+--------+-----+--------+

Top non-repeatable levels by time:
     D:9: 2762 daAuts
    D:10: 2386 daAuts
     D:6: 1620 daAuts
  Lair:1: 1462 daAuts
     D:7: 1404 daAuts
     D:4: 1404 daAuts
  Lair:2: 1371 daAuts
     D:2: 1328 daAuts
     D:8: 1318 daAuts
     D:1: 1244 daAuts
  Bailey: 1202 daAuts
     D:3: 1189 daAuts
     D:5: 1114 daAuts
   Sewer: 1016 daAuts
  Lair:3: 681 daAuts
